[Event "*** Titled Tuesday Blitz"]
[Site "Chess.com"]
[Date "2021.02.16"]
[Round "8"]
[White "esapunov"]
[Black "ErikRonka"]
[Result "1/2-1/2"]
[WhiteElo "2661"]
[BlackElo "2495"]
[TimeControl "180+1"]
[EndTime "11:30:25 PST"]
[Termination "Game drawn - insufficient material"]

1. c4 c6 2. Nf3 d5 3. b3 Bg4 4.
e3 Nf6 5. Bb2 e6 6. h3 Bh5 7.
Nc3 Nbd7 8. g4 Bg6 9. Nh4 Nc5 10. Nxg6 hxg6 11. Qc2 Nxg4 12. d4 Nd7 13. O-O-O Qa5 14. Bg2 Ngf6 15. e4 dxe4 16. Nxe4 Nxe4 17. Bxe4 Nf6 18.
Bg2 Ba3 19. Bxa3 Qxa3+ 20. Kb1 O-O 21. Bf3 Rad8 22. Rhe1 c5 23. d5 exd5 24. cxd5 b5 25. d6 c4 26. Re7 Rxd6 27. Rxd6 Qxd6 28. Rxa7 cxb3 29. axb3 Qf4 30. Qd3 Qe5 31. Ka2 Rc8 32. Ra8 Rxa8+ 33. Bxa8 Qb8 34. Qf3 Qa7+ 35. Kb1 b4 36. Bc6 Qd4 37. Bb5 Qd2 38. Bc4 Qd4 39. Kc2 g5 40. Qf5 g6 41. Qxg6+ Kh8 42. Qh6+ Nh7 43.
Qh5 Qxf2+ 44. Qe2 Qxe2+ 45. Bxe2 f5 46. Kd3 Nf6 47. Kc4 Kg7 48. Kxb4 Kf7 49. Kc5 Ke7 50.
Kc6 g4 51. hxg4 fxg4 52. b4 g3 53. Bf3 Kd8 54. b5 Kc8 55. b6 Kb8 56. Kd6 Ng4 57.
Kd5 Ne3+ 58. Ke4 g2 59. Bxg2 Nxg2 60. Kd4 Kb7 61. Kc5 Nf4 62. Kd6 Nd3 63. Kd5 Kxb6 1/2-1/2

[Event "*** Titled Tuesday Blitz"]
[Site "Chess.com"]
[Date "2021.02.16"]
[Round "8"]
[White "Nuvas"]
[Black "vovachesss"]
[Result "1-0"]
[WhiteElo "2492"]
[BlackElo "2639"]
[TimeControl "180+1"]
[EndTime "11:30:27 PST"]
[Termination "Nuvas won by checkmate"]

1. d4 e5 2. dxe5 Nc6 3. Nf3 Nge7 4. Nc3 Ng6 5. Bg5 Be7 6. Bxe7 Qxe7 7. Nd5 Qd8 8. e3 O-O 9. Bd3 Re8 10. Bxg6 hxg6 11.
O-O Nxe5 12. Nxe5 Rxe5 13. Qd4 d6 14. f4 Re8 15. e4 Bd7 16. Rad1 Bc6 17. c4 Bxd5 18.
cxd5 Qd7 19. Rfe1 Re7 20. e5 Rae8 21. Qxa7 dxe5 22. fxe5 Rxe5 23. Rxe5 Rxe5 24. Qxb7 Qa4 25.
b3 Qxa2 26. Qxc7 Qxb3 27. Qxe5 Qxd1+ 28. Kf2 f6 29. Qe6+ Kh7 30. d6 Qd2+ 31. Kf3 Qd3+ 32.
Kf2 Qd4+ 33. Ke2 Qb2+ 34. Kd3 Qb1+ 35. Kd4 Qb4+ 36. Kd3 Qb1+ 37. Kc3 Qa1+ 38. Kb4 Qb2+ 39. Kc5 Qf2+ 40. Kb5 Qxg2 41. d7 Qb7+ 42. Kc5 Qc7+ 43. Qc6 Qb8 44. Qd6 Qa7+ 45. Kd5 Qa2+ 46. Kc6 Qa6+ 47.
Kc7 Qa7+ 48. Kd8 f5 49. Ke8 Qa4 50. Kf8 f4 51. d8=Q f3 52. Qg5 Qa8+ 53. Qdd8 Qe4 54. Qh4+ Qxh4 55. Qxh4# 1-0

[Event "*** Titled Tuesday Blitz"]
[Site "Chess.com"]
[Date "2021.02.16"]
[Round "8"]
[White "HackingKid98"]
[Black "Korchmar_Vasiliy"]
[Result "1-0"]
[WhiteElo "2482"]
[BlackElo "2610"]
[TimeControl "180+1"]
[EndTime "11:30:27 PST"]
[Termination "HackingKid98 won by resignation"]

1. d4 Nf6 2. c4 g6 3. g3 Bg7 4.
Bg2 c5 5. Nf3 O-O 6. Nc3 Nc6 7.
O-O Re8 8. dxc5 Qa5 9. Nb5 a6 10. Bd2 Qd8 11. Nc3 b6 12. cxb6 Qxb6 13. b3 d6 14. Rc1 Bf5 15. Be3 Qa5 16. Nd4 Nxd4 17.
Bxd4 Rac8 18. Qd2 h5 19. Rfd1 Qd8 20. Nd5 Nxd5 21. Bxd5 Bxd4 22. Qxd4 e5 23. Qd2 h4 24. Qh6 h3 25. e4 Be6 26. Bxe6 Rxe6 27. Qxh3 a5 28.
Rc2 a4 29. Rcd2 axb3 30. axb3 Qb6 31. Rxd6 Qxb3 32. Rd8+ Re8 33. Qxc8 Qxd1+ 34. Rxd1 Rxc8 35. Rc1 g5 36. h3 Kf8 37. Kg2 Ke7 38. Kf3 Kd6 39.
Rd1+ Ke6 40. Rc1 Rc5 41. Kg4 Kf6 42. f3 Kg6 43. h4 f6 44. h5+ Kh6 45. Kf5 Rc6 46.
c5 Kg7 47. Rc2 Kh6 48. Kg4 Kg7 49. Kh3 Kh6 50. g4 Kg7 51. Kg3 Kf7 52. Kf2 Ke6 53. Ke3 Kd7 54. Kd3 Ra6 55. Kc4 Kc6 56. Rb2 Ra4+ 57. Rb4 Ra2 58. Rb6+ Kc7 59. Rxf6 1-0

[Event "*** Titled Tuesday Blitz"]
[Site "Chess.com"]
[Date "2021.02.16"]
[Round "8"]
[White "chescomhuynya"]
[Black "drragnar1"]
[Result "1-0"]
[WhiteElo "2592"]
[BlackElo "2420"]
[TimeControl "180+1"]
[EndTime "11:30:28 PST"]
[Termination "chescomhuynya won by resignation"]

1. d4 Nf6 2. c4 c5 3. d5 e5 4. Nc3 d6 5. e4 Be7 6. Be2 O-O 7.
Nf3 Ne8 8. O-O g6 9. Ne1 Ng7 10. Nd3 f5 11. f4 exf4 12. Bxf4 fxe4 13. Nxe4 Bf5 14. Ng3 Nd7 15. Qd2 Nf6 16. Rae1 Qd7 17. Bh6 Ne4 18. Nxe4 Bxe4 19. Qc3 Bh4 20. Bg4 Bf5 21. Bxg7 Bxe1 22. Rxe1 Qxg7 23. Bxf5 Qxc3 24. Be6+ Kg7 25. bxc3 Rf6 26. a4 b6 27. g3 h5 28.
Nf4 Kh6 29. Bh3 g5 30. Ne6 g4 31. Bg2 Rb8 32. Nf4 a6 33. Bf1 h4 34. Re7 h3 35. Bd3 Rh8 36. Rb7 Kg5 37. Kf2 Rxf4+ 38. gxf4+ Kxf4 39. Rf7+ Kg5 40. Rd7 Rf8+ 41. Kg1 g3 42.
hxg3 Rf3 43. Bf1 Rxg3+ 44. Kh2 Rxc3 45. Rxd6 Kf5 46. Bxh3+ Ke5 47. Rxb6 Rxc4 48. d6 Rxa4 49. d7 Rd4 50. Rxa6 c4 51. Re6+ Kf4 52. Re8 Rd2+ 53.
Kg1 Kg3 54. d8=Q Rxd8 55. Rxd8 Kxh3 56. Rc8 Kg3 57. Rxc4 1-0

[Event "*** Titled Tuesday Blitz"]
[Site "Chess.com"]
[Date "2021.02.16"]
[Round "8"]
[White "KubaGepard"]
[Black "PotapovaM"]
[Result "0-1"]
[WhiteElo "2401"]
[BlackElo "2587"]
[TimeControl "180+1"]
[EndTime "11:30:28 PST"]
[Termination "PotapovaM won by resignation"]

1. d4 Nf6 2. Nf3 e6 3. g3 b6 4. Bg2 Bb7 5. O-O Be7 6. c4 O-O 7. Re1 a5 8. d5 exd5 9. Nh4 c6 10.
cxd5 Nxd5 11. Nf5 Na6 12. e4 Ndc7 13. e5 Ne6 14. Nc3 Nac5 15. f4 Ba6 16. Nxe7+ Qxe7 17. f5 Nc7 18. f6 gxf6 19. Bh6 f5 20. Qh5 Qe6 21. Bg5 Qg6 22. Qh4 N7e6 23. Bf6 Rfe8 24. Bf3 Ng7 25. Rad1 Re6 26. Rd6 Rae8 27. Red1 a4 28.
Nxa4 Nxa4 29. Qxa4 Bb5 30. Qd4 c5 31. Qd2 Nh5 32. Bxh5 Qxh5 33. Rxe6 Rxe6 34. Re1 Qg4 35.
Qg2 Bc6 36. Qf2 h5 37. b4 cxb4 38. Rc1 b5 39. Qd2 Qg6 40. Rxc6 Rxc6 41. Qxd7 Rc1+ 42. Kf2 Kh7 43. Qe8 Qg8 44. Qxb5 Rc2+ 45. Ke1 Qc8 46. Qd3 Rc1+ 47. Kd2 Qc3+ 48. Qxc3 Rxc3 49. e6 Rc6 50. exf7 Rxf6 0-1

[Event "*** Titled Tuesday Blitz"]
[Site "Chess.com"]
[Date "2021.02.16"]
[Round "8"]
[White "anskam"]
[Black "Pantata007"]
[Result "1-0"]
[WhiteElo "1761"]
[BlackElo "2253"]
[TimeControl "180+1"]
[EndTime "11:30:28 PST"]
[Termination "anskam won on time"]

1. e4 e5 2. Nf3 Nc6 3. Bb5 a6 4.
Ba4 Nf6 5. O-O Be7 6. Re1 b5 7. Bb3 O-O 8. d3 d6 9. c3 Na5 10. Bc2 c5 11. Nbd2 Nc6 12. Nf1 Re8 13. Ng3 h6 14. h3 Be6 15. Be3 d5 16. exd5 Nxd5 17. Bd2 Qd7 18. Nxe5 Nxe5 19. Rxe5 Bd6 20. Re1 Bxg3 21.
fxg3 Rad8 22. Qf3 b4 23. c4 Ne7 24. Rf1 Nf5 25. Rae1 Nd4 26. Qd1 Bf5 27. Bb1 Nc6 28.
Rxe8+ Rxe8 29. Qf3 Nd4 30. Qf2 Re2 31. Qf4 g5 32. Qb8+ Kg7 33. Rf2 Qe6 34. g4 Bg6 35. Qg3 Re1+ 36. Bxe1 Qxe1+ 37. Kh2 Qxb1 38. Qe5+ Kh7 39.
Qxc5 Qxd3 40. Qe7 Ne2 41. Qxe2 Qd6+ 42. g3 Qd4 43. Qd2 Qxc4 44. b3 1-0

[Event "*** Titled Tuesday Blitz"]
[Site "Chess.com"]
[Date "2021.02.16"]
[Round "8"]
[White "EvgenyRomanov"]
[Black "Rsnr"]
[Result "1/2-1/2"]
[WhiteElo "2617"]
[BlackElo "2764"]
[TimeControl "180+1"]
[EndTime "11:30:30 PST"]
[Termination "Game drawn by agreement"]

1. d4 d5 2. Bf4 Nf6 3. e3 c5 4. Nc3 a6 5. dxc5 Nc6 6. Nf3 Bg4 7. Be2 e6 8. Na4 Bxc5 9. Nxc5 Qa5+ 10. c3 Qxc5 11. h3 Bh5 12. O-O O-O 13. Rc1 Rfd8 14. a3 Qe7 15. Bh2 Rac8 16. b4 Ne4 17. a4 a5 18. b5 Na7 19. Qd4 Qc5 20. g4 Bg6 21. Ne5 b6 22. c4 Qxd4 23. exd4 Nd2 24. c5 bxc5 25. dxc5 Nxf1 26. Bxf1 f6 27. Nxg6 hxg6 28. c6 e5 29. f4 Re8 30. fxe5 fxe5 31. Rc5 Kf7 32.
Rxd5 Nxc6 33. bxc6 Rxc6 34. Bxe5 Rc1 35. Rxa5 Rd8 36. Bf4 Ra1 37. Ra7+ Ke6 38. Kf2 Rd4 39. Be3 Rdxa4 40. Rxg7 R4a2+ 41. Kf3 Rxf1+ 42. Kg3 Ra3 43. Kg2 Rf6 44. Bg5 Ra2+ 45. Kg3 Rf1 46. Rxg6+ Kf7 47.
Rb6 Ra3+ 48. Kg2 Rfa1 49. Rb2 R1a2 50. Rxa2 Rxa2+ 51. Kg3 Kg6 52. Bf4 Ra3+ 53. Kh4 Ra4 1/2-1/2

[Event "*** Titled Tuesday Blitz"]
[Site "Chess.com"]
[Date "2021.02.16"]
[Round "8"]
[White "ChessFighter1975"]
[Black "Cuajada_Zero"]
[Result "0-1"]
[WhiteElo "2367"]
[BlackElo "2249"]
[TimeControl "180+1"]
[EndTime "11:30:31 PST"]
[Termination "Cuajada_Zero won by checkmate"]

1. d4 d5 2. c4 e6 3. Nf3 c6 4. g3 Bd6 5. Bg2 Nd7 6. O-O f5 7. Bf4 Bxf4 8. gxf4 Ngf6 9. Nc3 O-O 10. e3 Ne4 11.
Ne5 Rf6 12. f3 Nxc3 13. bxc3 Rh6 14. Qe1 Qe8 15. Qg3 Nxe5 16. fxe5 dxc4 17. f4 Rb8 18. a4 b6 19. h3 a6 20. Kh2 Bb7 21. Rab1 Rg6 22. Qf2 b5 23. Bf3 Qc8 24. Rg1 c5 25. axb5 Rxg1 26. Rxg1 Bxf3 27. Qxf3 axb5 28. d5 b4 29. Qg2 g6 30. d6 bxc3 31. Kh1 Rb2 32. Qf3 c2 33. Rc1 Rb1 34. Qf1 Qb8 35. Kh2 Kf7 36.
d7 Ke7 37. Qe1 Rxc1 38. Qxc1 Kxd7 39. Qxc2 Qb3 40. Qd2+ Qd3 41. Qa5 c3 42. Qa7+ Ke8 43.
Qxh7 c2 44. Qxg6+ Kd7 45. Qf7+ Kc6 46. Qxe6+ Kb5 47. Qe8+ Kb4 48. Qb8+ Kc3 49. Qa7 c1=Q 50. Qa5+ Kc2 51. Qa7 Qcd2+ 52. Kg3 Q3xe3+ 53. Kh4 Qxf4+ 54. Kh5 Qg5# 0-1

[Event "*** Titled Tuesday Blitz"]
[Site "Chess.com"]
[Date "2021.02.16"]
[Round "8"]
[White "volunteers1998"]
[Black "PowerThinking2650"]
[Result "0-1"]
[WhiteElo "2125"]
[BlackElo "2434"]
[TimeControl "180+1"]
[EndTime "11:30:33 PST"]
[Termination "PowerThinking2650 won on time"]

1. e4 e5 2. Nc3 Nf6 3. Bc4 Bc5 4. d3 d6 5. f4 Nc6 6. Nf3 Bg4 7. Na4 Bb6 8. Nxb6 axb6 9. O-O Qe7 10. c3 exf4 11. Bxf4 Ne5 12. Bxe5 dxe5 13. h3 Bh5 14. g4 Bg6 15.
Qe1 O-O-O 16. Qe3 h5 17. g5 Nd7 18. a4 Qc5 19. Qxc5 bxc5 20. Rf2 h4 21. a5 Kb8 22. b4 cxb4 23. cxb4 f6 24. Rd2 Bh5 25.
Kg2 Bxf3+ 26. Kxf3 fxg5 27. Kg4 Rdf8 28. Be6 Nf6+ 29.
Kf3 Nd5+ 30. Bf5 g6 31. exd5 gxf5 32. Re1 Re8 33. Rg2 Rhg8 34. Reg1 e4+ 35. dxe4 fxe4+ 36. Ke3 Rgf8 37. Rxg5 Rf3+ 38. Ke2 Rxh3 39. Rg8 Rxg8 40.
Rxg8+ Ka7 41. Re8 e3 42. b5 Rh1 43. Kxe3 h3 44. Rh8 h2 45. Kf2 Rb1 46. Rxh2 Rxb5 47.
Rh7 Rxa5 48. Rxc7 Rxd5 49. Ke3 Ka6 50. Rc8 b5 51. Rb8 Ka5 52. Ra8+ Kb4 53. Ke4 Rd7 54. Ke3 Kb3 55. Ke2 b4 56. Rb8 Kc3 57. Rc8+ Kb2 58. Ke3 b3 59. Ke2 Kb1 0-1

[Event "*** Titled Tuesday Blitz"]
[Site "Chess.com"]
[Date "2021.02.16"]
[Round "8"]
[White "SergeyShtyka"]
[Black "ChronicUnhappiness"]
[Result "1-0"]
[WhiteElo "2466"]
[BlackElo "2316"]
[TimeControl "180+1"]
[EndTime "11:30:33 PST"]
[Termination "SergeyShtyka won by resignation"]

1. e4 Nf6 2. e5 Nd5 3. c4 Nb6 4. a4 a5 5. d4 d6 6. exd6 exd6 7. Nf3 Be7 8. Be2 O-O 9. O-O Bg4 10. b3 Nc6 11. d5 Bf6 12. Ra2 Nb4 13. Rd2 Nd7 14. Nd4 Bxe2 15. Rxe2 Nc5 16. Bb2 Nbd3 17. Bc3 Nf4 18.
Re3 Qd7 19. Rf3 Qg4 20. g3 Nh3+ 21. Kg2 Ne4 22. Nb5 Nhg5 23. Rxf6 Qh3+ 24. Kg1 Nxf6 25.
Bxf6 gxf6 26. f4 Ne4 27. Nxc7 Rac8 28. Nb5 Nxg3 29. Rf3 Kh8 30. Rxg3 Rg8 31. Qf3 Rxg3+ 32. hxg3 Rg8 33. Kf2 Qf5 34. N1c3 Qc2+ 35. Qe2 Qf5 36. Nd4 Qh3 37. Qf3 Qh2+ 38. Qg2 Qh5 39. Nf3 Qf5 40. Qf1 Re8 41. Ne2 Qd3 42. Nfd4 Qe3+ 43. Kg2 f5 44. Qf3 Qd2 45. Qh5 Kg8 46. Kf1 Qd1+ 47. Kf2 Qd2 48. Qg5+ Kh8 49. Qf6+ Kg8 50. Qg5+ Kh8 51. Qxf5 Qe3+ 52.
Kg2 Rg8 53. Qf6+ Rg7 54. Qd8+ Rg8 55. Qf6+ Rg7 56. Qxg7+ Kxg7 57. Nf5+ Kf6 58. Nxe3 h5 59.
Kf3 Kg6 60. g4 1-0

[Event "*** Titled Tuesday Blitz"]
[Site "Chess.com"]
[Date "2021.02.16"]
[Round "8"]
[White "Tpros"]
[Black "Ladislav1969"]
[Result "1-0"]
[WhiteElo "2478"]
[BlackElo "2321"]
[TimeControl "180+1"]
[EndTime "11:30:36 PST"]
[Termination "Tpros won on time"]

1. c4 Nf6 2. d4 g6 3. Nc3 d5 4.
Bf4 Bg7 5. Rc1 O-O 6. e3 dxc4 7. Bxc4 c5 8. Nge2 Nc6 9. dxc5 Qa5 10. O-O Qxc5 11. Bb3 Qh5 12. Bg3 Rd8 13. Qe1 Bf5 14.
Nf4 Qg5 15. h4 Qh6 16. Qe2 Ne4 17. Nxe4 Bxe4 18. Rfd1 e5 19. Nd5 Kh8 20. f3 Bf5 21. Nc7 Rac8 22. Nb5 Nd4 23. Nxd4 exd4 24. Rxc8 Rxc8 25.
exd4 Bf6 26. Bxf7 Kg7 27. Bb3 Bxh4 28. Bxh4 Qxh4 29. Qe5+ Qf6 30. Qxf6+ Kxf6 31. Rd2 h5 32. Kf2 Ke7 33. Ke3 Kd6 34. Kf4 Rf8 35. Kg5 Bb1 36. Re2 Rf5+ 37. Kh6 Rf4 38. Re6+ Kd7 39. d5 Rd4 40. Rf6 Rd2 41. Rf7+ Kd6 42. g4 Rh2 43.
Kg5 h4 44. Rf6+ Kd7 45. Rf7+ Kd6 46. Rh7 h3 47. Rh6 Rh1 48. Kf4 Bd3 49. Kg3 Bf1 50.
Bc2 Rg1+ 51. Kf2 Rh1 52. Bxg6 h2 53. Kg3 1-0

[Event "*** Titled Tuesday Blitz"]
[Site "Chess.com"]
[Date "2021.02.16"]
[Round "8"]
[White "ural58"]
[Black "Alexsur1981"]
[Result "0-1"]
[WhiteElo "2547"]
[BlackElo "2849"]
[TimeControl "180+1"]
[EndTime "11:30:39 PST"]
[Termination "Alexsur1981 won by resignation"]

1. e4 c5 2. b3 b6 3. Bb2 Bb7 4. Qf3 Nc6 5. Qg3 Nd4 6. Bd3 Qb8 7. Nf3 Qxg3 8. hxg3 Nxf3+ 9. gxf3 Nf6 10. g4 d6 11. g5 Nd7 12. Nc3 Ne5 13. Be2 Nc6 14. f4 Nd4 15. Bd3 Nf3+ 16. Ke2 Nd4+ 17. Kf1 O-O-O 18.
Rh3 h5 19. Ne2 e5 20. Nxd4 exd4 21. c3 dxc3 22. Bxc3 d5 23. exd5 Bxd5 24. Bf5+ Kb7 25. Re1 Rg8 26. g6 fxg6 27. Bxg6 Bd6 28. Rxh5 Bxf4 29.
Rxd5 Rxd5 30. Be4 Kc6 31. Bxd5+ Kxd5 32. Re7 a5 33. Bxg7 Bxd2 34. Rd7+ Ke6 35. Rb7 b5 36. Bb2 b4 37. Rb5 c4 38. bxc4 a4 39. Re5+ Kf7 40. Ke2 Bg5 41. Rb5 Be7 42. Bd4 Re8 43. Kd3 Rd8 44.
c5 b3 45. axb3 axb3 46. Kc4 Rg8 47. Rxb3 Rg4 48. f3 Rh4 49. Kb5 Rxd4 50. c6 Bd6 51.
Kb6 Rc4 52. Rd3 Ke6 53. f4 Bxf4 54. Rd7 Bd6 55. Rh7 Kd5 56. Rh5+ Be5 57. Rh6 Rb4+ 58. Ka7 Rb1 59. Rg6 Bd6 60. c7 Bxc7 61. Rg7 Kc6 62. Rg6+ Bd6 0-1

[Event "*** Titled Tuesday Blitz"]
[Site "Chess.com"]
[Date "2021.02.16"]
[Round "8"]
[White "SilviusTiberius"]
[Black "Alexander_Moskalenko"]
[Result "0-1"]
[WhiteElo "2585"]
[BlackElo "2768"]
[TimeControl "180+1"]
[EndTime "11:30:40 PST"]
[Termination "Alexander_Moskalenko won on time"]

1. e4 c5 2. Nf3 e6 3. d4 cxd4 4. Nxd4 Nc6 5. Nc3 Qc7 6. Be3 a6 7. Qf3 h5 8. O-O-O Nf6 9. Nxc6 bxc6 10. Qg3 Qxg3 11. hxg3 Ng4 12. Bb6 Rb8 13. Ba7 Ra8 14. Bb6 Rb8 15. Ba7 Rb7 16. Be2 Rxa7 17. Bxg4 g6 18.
Be2 d5 19. g4 Bh6+ 20. Kb1 hxg4 21. Bxg4 Bg7 22. Rxh8+ Bxh8 23. exd5 Bxc3 24. bxc3 Rb7+ 25.
Kc1 cxd5 26. c4 dxc4 27. Be2 Rc7 28. c3 e5 29. Rd5 f6 30. g3 Ke7 31. f4 exf4 32.
gxf4 Be6 33. Ra5 Rc6 34. Kd2 Rb6 35. Ke3 Bf7 36. Bf3 Re6+ 37. Kd4 Rd6+ 38. Ke3 Rd3+ 39.
Kf2 Rxc3 40. Rxa6 Rd3 41. Be2 Rd6 42. Ra7+ Rd7 43. Rxd7+ Kxd7 44. Ke3 Kc6 45. Kd4 Kb5 46. a3 Bg8 47. Bf1 g5 48. fxg5 fxg5 49. Be2 Bf7 50.
Ke5 Kc5 51. Kf5 c3 52. Bd1 Kd4 53. Kxg5 Kd3 54. Bg4 Kd2 55. Bf5 Bb3 56. Kf4 Bc2 57. Be6 Bd3 58. Bb3 Bc2 59. Be6 Bd3 60. Bb3 Be2 61. Ke4 Bd1 0-1

[Event "*** Titled Tuesday Blitz"]
[Site "Chess.com"]
[Date "2021.02.16"]
[Round "8"]
[White "Kapitan_Bayan"]
[Black "bakki78"]
[Result "0-1"]
[WhiteElo "2492"]
[BlackElo "2726"]
[TimeControl "180+1"]
[EndTime "11:30:40 PST"]
[Termination "bakki78 won on time"]

1. d4 d6 2. Nf3 Nf6 3. c4 g6 4.
Nc3 Bf5 5. Nh4 Bd7 6. e4 e5 7. Nf3 Nc6 8. d5 Ne7 9. Nd2 Bh6 10. Be2 O-O 11. b4 a5 12. bxa5 Rxa5 13. Nb3 Bxc1 14. Qxc1 Ra8 15. c5 Ba4 16. Nxa4 Rxa4 17. f3 c6 18. cxd6 Qxd6 19. Qc5 Rd8 20. Qxd6 Rxd6 21. Nc5 Ra7 22. dxc6 Nxc6 23. O-O Nd4 24. Kf2 Rc6 25. Rfc1 b6 26. Nb3 Rxc1 27. Rxc1 Nxe2 28. Kxe2 Rxa2+ 29. Kf1 Rb2 30. Rc6 Nh5 31. Rxb6 Nf4 32. g3 Nh3 33. Rb7 Rf2+ 34. Ke1 Rxh2 35. Nc5 Ng1 36. Rb3 h5 37. Nd7 Rg2 38. Kf1 Rxg3 39. Kf2 h4 40.
Nxe5 Nh3+ 41. Ke3 Rg2 42. Ng4 Ng5 43. e5 Kg7 44. Rb7 Rg3 45. Kf4 Ne6+ 46. Ke4 h3 47.
Rb2 Rg2 48. Rb1 Rg3 49. Rh1 Rg2 50. Ke3 Ng5 51. Nf2 h2 52. Ng4 Ra2 53. Nxh2 Ra3+ 54.
Kf4 Ne6+ 55. Kg3 Nd4 56. Rf1 Re3 57. Ng4 Re2 58. Rf2 Nf5+ 59. Kg2 Re1 60. Rf1 Nh4+ 61. Kf2 Rxf1+ 62. Kxf1 Nxf3 63. Kf2 Ng5 64. Ke3 Kf8 65. Kf4 Ne6+ 66. Ke4 Ke7 67. Nf6 Nc5+ 68. Kf4 Nd7 69. Nd5+ Kf8 70. Nc7 Nc5 71. Nd5 Ne6+ 72. Ke4 Ke8 73. Nf6+ Kd8 74. Kd5 Nc7+ 75. Kd6 Ne8+ 76.
Nxe8 Kxe8 77. e6 f5 0-1

[Event "*** Titled Tuesday Blitz"]
[Site "Chess.com"]
[Date "2021.02.16"]
[Round "8"]
[White "esteban062000"]
[Black "Piotrek1979"]
[Result "1-0"]
[WhiteElo "2188"]
[BlackElo "2397"]
[TimeControl "180+1"]
[EndTime "11:30:40 PST"]
[Termination "esteban062000 won by checkmate"]

1. Nf3 c5 2. c4 Nc6 3. b3 d6 4. g3 e5 5. d3 g6 6. Bg2 Bg7 7. Bb2 Nge7 8. O-O O-O 9. Nc3 d5 10. cxd5 Nxd5 11. Nxd5 Qxd5 12. Nd4 Qd6 13. Nxc6 bxc6 14.
Rc1 Bd7 15. Qc2 Rfc8 16. Qxc5 Qe6 17. Qc4 Qe8 18. Qa6 Kh8 19. Rc5 Rc7 20. Rfc1 Rac8 21.
Qa5 f6 22. Qd2 Bf8 23. R5c2 c5 24. d4 exd4 25. Bxd4 Be7 26. Bc3 Bf5 27. e4 Be6 28.
Qe3 Kg7 29. e5 f5 30. Bd2 Qf7 31. Qh6+ Kg8 32. Qf4 g5 33. Qe3 h6 34. Ba5 Rd7 35. Qe1 c4 36. bxc4 Bc5 37. Bb4 Bd4 38. c5 f4 39. c6 Rdc7 40. Bd6 fxg3 41. hxg3 h5 42. Bxc7 Rxc7 43. Qe4 Bb6 44. Rd2 Kg7 45. Rcd1 g4 46. Qe2 h4 47. Bd5 hxg3 48. Bxe6 gxf2+ 49. Kf1 Qxe6 50. Rd7+ Kg6 51. Qe4+ Kg5 52. Rxc7 Bxc7 53. Rd7 Bb6 54. Rg7+ Kh5 55. Qh7+ Qh6 56. Qxh6+ Kxh6 57. Rb7 g3 58. Rxb6 Kg5 59. c7 Kf4 60. c8=Q Kf3 61. Qf8+ Ke3 62. Rb3+ Kd2 63. Qf4+ Kd1 64. Qd4+ Kc1 65.
Qc3+ Kd1 66. Rb1# 1-0

[Event "*** Titled Tuesday Blitz"]
[Site "Chess.com"]
[Date "2021.02.16"]
[Round "8"]
[White "MrTattaglia"]
[Black "albi1999"]
[Result "1-0"]
[WhiteElo "2757"]
[BlackElo "2600"]
[TimeControl "180+1"]
[EndTime "11:30:41 PST"]
[Termination "MrTattaglia won by resignation"]

1. Nc3 d5 2. e3 Nf6 3. d4 c5 4.
dxc5 e6 5. Bd3 Bxc5 6. Nf3 Nc6 7. O-O O-O 8. e4 d4 9. Ne2 e5 10. Ng3 Re8 11. a3 a6 12. h3 b5 13. Bd2 Be6 14.
Ng5 Bd7 15. f4 h6 16. Nf3 exf4 17. Bxf4 Be6 18. Qd2 Ne7 19. Bxh6 gxh6 20. Qxh6 Ng6 21. e5 Bf8 22. Qd2 Nd5 23. Nh5 Bg7 24. Nxd4 Bxe5 25. Nf3 Bh8 26. Ng5 Qb6+ 27. Kh1 Qe3 28. Qxe3 Nxe3 29.
Rf2 Rad8 30. Re1 Nd5 31. Nxe6 Rd6 32. Rfe2 Rdxe6 33. Rxe6 Rxe6 34. Rxe6 fxe6 35. Bxg6 Bxb2 36. g4 Bxa3 37. Kg2 Bb2 38. Be8 Nc7 39. Bc6 a5 40. Nf4 Kf7 41. Nd3 Bc3 42. Nc5 a4 43. Nxa4 bxa4 44. Bxa4 Kf6 45. Kf3 Kg5 46. Bb3 e5 47. Ke4 Nb5 48. Bc4 Na3 49. Bd3 Kh4 50. Kf5 Nb1 51.
g5 Kxh3 52. Be4 Nd2 53. g6 Nxe4 54. Kxe4 1-0

[Event "*** Titled Tuesday Blitz"]
[Site "Chess.com"]
[Date "2021.02.16"]
[Round "8"]
[White "BahadirOzen"]
[Black "Pelopidass"]
[Result "1/2-1/2"]
[WhiteElo "2743"]
[BlackElo "2599"]
[TimeControl "180+1"]
[EndTime "11:30:43 PST"]
[Termination "Game drawn by repetition"]

1. g3 Nf6 2. Nf3 g6 3. Bg2 Bg7 4. O-O O-O 5. d4 d6 6. Nbd2 Nc6 7. c3 Bg4 8. h3 Bxf3 9. Bxf3 Qd7 10. Bg2 e5 11.
dxe5 dxe5 12. Qc2 Rad8 13. a4 Qe6 14. e4 a5 15. b3 Rd7 16. Nc4 Rfd8 17. Be3 Rd3 18. Rfd1 Qd7 19. Nb2 Rxd1+ 20. Rxd1 Qe7 21. Nc4 b6 22. Rd3 Rxd3 23. Qxd3 Qd7 24. Qe2 h6 25.
Kh2 Bf8 26. Bf3 Kg7 27. Kg2 h5 28. Qc2 Ne8 29. Bc1 Qe6 30. Ne3 Bc5 31. Nd5 Ne7 32. b4 axb4 33. cxb4 Bd4 34. a5 bxa5 35. bxa5 Nxd5 36.
exd5 Qa6 37. Bd2 Qa7 38. Be1 Nd6 39. Qc6 e4 40. Be2 e3 41. f3 Qb8 42. a6 Qb2 43. Kf1 Qa1 44. Qxc7 Nf5 45. g4 hxg4 46. hxg4 Be5 47. Qxe5+ Qxe5 48. gxf5 Qxd5 49. fxg6 fxg6 50.
Bc3+ Kh6 51. a7 Qb7 52. Bd4 Qe7 53. Bxe3+ Kh5 54. Kf2 Kh4 55. f4 Qe4 56. Bf3 Qc2+ 57. Be2 Qe4 58. Bf3 Qc2+ 59. Be2 Qe4 1/2-1/2

[Event "*** Titled Tuesday Blitz"]
[Site "Chess.com"]
[Date "2021.02.16"]
[Round "8"]
[White "VALPARAISO37"]
[Black "picturesquecheck"]
[Result "0-1"]
[WhiteElo "2451"]
[BlackElo "2261"]
[TimeControl "180+1"]
[EndTime "11:30:43 PST"]
[Termination "picturesquecheck won on time"]

1. d4 Nf6 2. c4 e6 3. Nc3 Bb4 4. a3 Bxc3+ 5. bxc3 O-O 6. e3 d5 7. Bd3 b6 8. Ne2 Bb7 9. f3 Nbd7 10. O-O c5 11.
cxd5 exd5 12. Ng3 Re8 13. Rb1 g6 14. Qd2 Rc8 15. a4 Qc7 16. Bb2 Qd6 17. Ba3 Qe6 18. Rbe1 h5 19. Bb5 a6 20. Bd3 h4 21. Nh1 Qc6 22. a5 bxa5 23. Bb2 Rb8 24. Nf2 Qb6 25. Rb1 Qe6 26. Rfe1 Ba8 27. Ra1 Qb6 28. Bc1 cxd4 29. cxd4 Qb4 30. Qd1 Nb6 31. Bd2 Qd6 32. Bxa5 Rec8 33. Bd2 Nc4 34. Bc1 a5 35. Bxc4 dxc4 36. Rxa5 c3 37. Qc2 Qb6 38. Ra3 Nd5 39. Ne4 Nb4 40. Qe2 Bxe4 41. fxe4 Qb5 42. Kf2 Nd3+ 43. Kf3 Nxe1+ 44. Qxe1 Qd3 45. h3 Rb1 46. d5 Qc2 47. Rxc3 Qxc3 48. Qxh4 Qxc1 49. Qe7 Qf1+ 50. Kg3 Qe1+ 51.
Kf3 Rb3 52. Qg5 Rxe3+ 53. Qxe3 Rc3 54. Qxc3 Qxc3+ 55. Kf4 Qf6+ 56. Ke3 Kf8 57. g3 Qe5 58. Kf3 Ke7 59. h4 Kd6 60. g4 Kc5 61. h5 gxh5 62.
gxh5 Qxh5+ 63. Kf4 Kd6 64. e5+ Qxe5+ 65. Kg4 Kxd5 66.
Kf3 f5 0-1

[Event "*** Titled Tuesday Blitz"]
[Site "Chess.com"]
[Date "2021.02.16"]
[Round "8"]
[White "akanga001"]
[Black "Chernov_Alexander_A"]
[Result "0-1"]
[WhiteElo "1985"]
[BlackElo "2285"]
[TimeControl "180+1"]
[EndTime "11:30:44 PST"]
[Termination "Chernov_Alexander_A won on time"]

1. d4 Nf6 2. Nf3 e6 3. Bg5 c5 4. e3 b6 5. c3 Bb7 6. Bd3 cxd4 7. exd4 Be7 8. O-O O-O 9. Re1 d6 10. Nbd2 Nbd7 11. a4 a6 12. Qe2 Re8 13. Nc4 Qc7 14. Ne3 Bf8 15. Bh4 g6 16. Ng5 Bg7 17. Bg3 Nh5 18.
Be4 Nxg3 19. hxg3 Bxe4 20. Nxe4 d5 21. Ng5 Nf6 22. Ng4 Qc4 23. Nxf6+ Bxf6 24. Qg4 Qd3 25. Nf3 Qf5 26. Qxf5 gxf5 27. Ne5 Rec8 28. Nd7 Bd8 29. Rac1 Ra7 30. Ne5 Rac7 31. f4 b5 32. axb5 axb5 33.
Nd3 Be7 34. Ra1 b4 35. cxb4 Rc4 36. b5 Rb8 37. Ra5 Rxd4 38. Ne5 Bc5 39. Nc6 Ra4+ 40. Kf1 Rxa5 41. Nxa5 Rxb5 42. Nc6 Rxb2 43. Re2 Rxe2 44. Kxe2 Kg7 45. Kf3 Ba3 46. Na5 Bb2 47. Nb3 Bf6 48.
Nd2 Be7 49. Nb3 Bd6 50. Nd4 Kf6 51. Nb5 Ke7 52. Nc3 f6 53. Ne2 Bc5 0-1

[Event "*** Titled Tuesday Blitz"]
[Site "Chess.com"]
[Date "2021.02.16"]
[Round "8"]
[White "AryanTari"]
[Black "Sibelephant"]
[Result "0-1"]
[WhiteElo "2904"]
[BlackElo "3027"]
[TimeControl "180+1"]
[EndTime "11:30:45 PST"]
[Termination "Sibelephant won on time"]

1. e4 e5 2. Nf3 Nc6 3. Bb5 a6 4. Ba4 d6 5. O-O Bd7 6. c3 g6 7.
d4 Bg7 8. Re1 Nf6 9. h3 O-O 10.
Bc2 Re8 11. Nbd2 Bh6 12. a3 Qe7 13. Nf1 Bxc1 14. Rxc1 Nh5 15. Ne3 Qd8 16. Nd5 Nf6 17. Qd2 exd4 18. Qh6 Be6 19. Nf4 dxc3 20. bxc3 Qe7 21.
e5 dxe5 22. Nxe5 Nxe5 23. Rxe5 Qd6 24. Re3 Bc4 25. Rg3 Qf8 26. Qh4 Ne4 27. Nxg6 hxg6 28. Bxe4 Qe7 29. Qxe7 Rxe7 30. Bxb7 Rb8 31. Bc6 Rb3 32. Rg4 Be6 33. Ra4 Rb6 34. Bf3 c5 35.
Ra5 Rc7 36. Be2 Bc8 37. Rd1 Kg7 38. Bf3 Rb3 39. Rd3 c4 40. Re3 Rd7 41. Kh2 Rd3 42. Rc5 Rxe3 43. fxe3 Be6 44. Bd5 Bxd5 45. Rxd5 Rxa3 46.
e4 Rxc3 47. Ra5 Re3 48. Rxa6 Rxe4 49. Rc6 Kf8 50. g4 Ke7 51. Kg3 g5 52. Kf3 Rf4+ 53. Ke3 Kd7 54. Rc5 f6 55. Rd5+ Kc6 56. Rd8 Kc5 0-1